 Seeded DCSS version 0.31-a0-1570-g93c622d222 (webtiles) character file.

Game seed: 10463392276266972231 (custom seed)

88 innerfire43 the Poker (level 4, 0/35 HPs)
             Began as a Demonspawn Monk on Jan 3, 2024.
             Slain by a goblin
             ... wielding a +0 club
             ... led by Robin
              (3 damage)
             ... on level 3 of the Dungeon.
             The game lasted 00:01:28 (1353 turns).

innerfire43 the Poker (Demonspawn Monk)             Turns: 1353, Time: 00:01:29

Health: 0/35       AC:  4    Str: 14    XL:     4   Next: 30%
Magic:  4/4        EV: 13    Int: 10    God:
Gold:   93         SH:  0    Dex: 15    Spells: 3/3 levels left

rFire   . . .        a - +0 spear
rCold   . . .        d - orb {light}
rNeg    . . .        b - +0 robe
rPois   .            (no helmet)
rElec   .            (no cloak)
rCorr   .            (no gloves)
SInv    +            (no boots)
Will    .....        (no amulet)
Stlth   +            h - ring of see invisible
HPRegen 0.25/turn    (no ring)
MPRegen 0.09/turn

%: no passive effects
@: glowing
A: slimy green scales 1
a: no special abilities


You were on level 3 of the Dungeon.
You visited 1 branch of the dungeon, and saw 3 of its levels.

You collected 93 gold pieces.

Inventory:

Hand Weapons
 a - a +0 spear (weapon)
Armour
 b - a +0 robe (worn)
 d - an orb of light (worn)
Jewellery
 h - a ring of see invisible (left hand)
Scrolls
 e - a scroll of torment {unknown}
 g - a scroll of teleportation {unknown}
 k - a scroll of vulnerability {unknown}
 l - 2 scrolls of fog {unknown}
 m - 2 scrolls of enchant armour {unknown}
 o - 4 scrolls of identify {unknown}
Potions
 f - a potion of invisibility {unknown}
 i - 2 potions of heal wounds {unknown}
 j - 7 potions of curing {unknown}
 n - 3 potions of lignification {unknown}


   Skills:
 + Level 3.5 Fighting
 * Level 3.6 Polearms
 * Level 3.6 Dodging


You had 3 spell levels left.
You didn't know any spells.
Your spell library contained the following spells:

 Spells                   Type           Power      Damage    Failure   Level
 Magic Dart               Conj           0%         1d3       36%         1
 Blink                    Tloc           0%         N/A       50%         2
 Call Imp                 Summ           0%         N/A       50%         2


Dungeon Overview and Level Annotations

Branches:
Dungeon (3/15)

Altars:

Shops:
D:2 !!*:

Annotations:
D:3 Robin


Innate Abilities, Weirdness & Mutations

You are partially covered in slimy green scales. (AC +2)


Message History

You feel less confused.
A goblin comes into view. It is wielding a +0 dagger.
The hobgoblin closely misses you. The goblin barely misses you.
The goblin closely misses you. Natasha claws you.
The goblin shouts!
You hit Natasha.
Natasha is almost dead.
The hobgoblin closely misses you. The goblin closely misses you.
The goblin barely misses you. Natasha misses you.
You hit Natasha.
You kill Natasha!
Natasha screams in pain as she dies!
The goblin barely misses you. The hobgoblin hits you.
The goblin barely misses you.
You have reached level 4!
You feel stronger.
You hit the goblin.
You kill the goblin!
The goblin hits you with a +0 club. The goblin hits you but does no damage.
The hobgoblin closely misses you.
You hit the hobgoblin but do no damage. The goblin hits you with a +0 club.
* * * LOW HITPOINT WARNING * * *
The hobgoblin barely misses you. The hobgoblin misses you.
The goblin barely misses you.
A goblin comes into view. It is wielding a +0 dagger.
Robin says, "Kneel, worm!"
Unknown command.
You hit the hobgoblin.
The hobgoblin is heavily wounded.
The goblin no longer looks unusually strong.
The goblin hits you but does no damage. The hobgoblin barely misses you.
The hobgoblin hits you.
* * * LOW HITPOINT WARNING * * *
The goblin closely misses you.
You hit the hobgoblin.
You kill the hobgoblin!
The goblin closely misses you. The hobgoblin hits you.
* * * LOW HITPOINT WARNING * * *
The goblin hits you with a +0 club.
You die...

### #.# #.. #g#
#g# .### #.# #
#....#g#.#
##.##.#@#.#[##
......gggg...#
.#.#.##)##...# #
#.........#
#.##......#.#
.####.#.........#
............#####
#..#.#.###.#
#.).<.#.#


You could see Robin, a hobgoblin (strong) and 5 goblins.

Vanquished Creatures
  Natasha (D:3)
  2 adders (D:2)
  4 dart slugs
  2 ball pythons
  3 bats
  An endoplasm (D:1)
  5 hobgoblins
  2 kobolds
  2 quokkas (D:2)
  5 frilled lizards
  7 goblins
  4 rats
38 creatures vanquished.

Notes
Turn   | Place    | Note
-------+----------+-------------------------------------------
     0 | D:1      | innerfire43 the Demonspawn Monk began the quest for the
                  | Orb.
     0 | D:1      | Reached XP level 1. HP: 18/18 MP: 1/1
   121 | D:1      | Gained mutation: You are partially covered in slimy green
                  | scales. (AC +2) [demonic ancestry]
   121 | D:1      | Reached XP level 2. HP: 24/24 MP: 2/2
   466 | D:2      | Reached XP level 3. HP: 29/29 MP: 3/3
   572 | D:2      | Found Jeanep's Distillery.
   600 | D:2      | Found Cinaplo's Distillery.
   792 | D:2      | Found Raodweku's General Store.
  1218 | D:2      | Found Muamiaqy's Book Shoppe.
  1329 | D:3      | Noticed Natasha
  1331 | D:3      | Noticed Robin
  1349 | D:3      | Killed Natasha
  1350 | D:3      | Reached XP level 4. HP: 20/35 MP: 4/4
  1353 | D:3      | Slain by a goblin

Illustrated notes

Levels and vault maps discovered:
D:1:      minmay_arrival_shattered_statue, layout_rooms, moated_statue
D:2:      layout_loops_corners, serial_shops, shop, shop, shop, shop,
          corexii_hall_statues_i
D:3:      kennysheep_the_goblin_king, layout_basic,
          nicolae_concentric_dashed_squares_wild, uniq_natasha, uniq_robin,
          uniq_jessica

Skill      XL: |  1  2 |
---------------+-------+-----
Dodging        | 3 |  3.6
Polearms       | 3 |  3.6
Fighting       | |  3.5

Action                     |  1- 3 |  4- 6 || total
---------------------------+-------+-------++-------
  Melee: Spear             |   109 |     4 ||   113
    Use: Potion            |     1 |       ||     1
 Armour: Robe              |    42 |     7 ||    49
  Dodge: Dodged            |    69 |     7 ||    76

Table legend: (Time is in decaauts)
 A = Elapsed time spent in this place.
 B = Non-inter-level travel time spent in this place.
 C = Inter-level travel time spent in this place.
 D = Time resting spent in this place.
 E = Time spent auto-exploring this place.
 F = Levels seen in this place.
 G = Mean time per level.
                   A        B        C        D        E       F      G
               +--------+--------+--------+--------+--------+-----+--------+
         Total |   1345 |   1345 |      0 |      0 |   1065 |   3 |  448.3 |
       Dungeon |   1345 |   1345 |      0 |      0 |   1065 |   3 |  448.3 |
               +--------+--------+--------+--------+--------+-----+--------+

Top non-repeatable levels by time:
     D:2: 912 daAuts
     D:1: 399 daAuts
     D:3: 33 daAuts
